 Dungeon Crawl Stone Soup version 0.27-a0-1191-g601b473118 (webtiles) character file.

Game seed: 11819097299256203160

53 leviel the Chopper (level 3, 0/31 HPs)
             Began as a Palentonga Fighter on May 24, 2021.
             Slain by Robin
             ... wielding a +0 whip
              (1 damage)
             ... on level 2 of the Dungeon.
             The game lasted 00:01:22 (1112 turns).

leviel the Chopper (Palentonga Fighter)             Turns: 1112, Time: 00:01:23

Health: 0/31       AC:  7    Str: 20    XL:     3   Next: 62%
Magic:  3/3        EV:  5    Int:  8    God:
Gold:   70         SH:  8    Dex:  9    Spells: 2/2 levels left

rFire    . . .     SeeInvis +   a - +0 war axe
rCold    . . .     Faith    .   c - +0 kite shield
rNeg     . . .     Spirit   .   b - +0 scale mail
rPois    .         Reflect  .   (no helmet)
rElec    .         Harm     .   (no cloak)
rCorr    .         Rampage  .   h - +0 pair of gloves
Will     .....                  (no barding)
Stlth    ..........             (no amulet)
HPRegen  0.10/turn              (no ring)
MPRegen  0.08/turn              (no ring)

@: brilliant, hasted, very quick
A: large, rugged brown scales 3, see invisible, deformed body, roll 1, armoured
tail
a: Rolling Charge


You were on level 2 of the Dungeon.
You visited 1 branch of the dungeon, and saw 2 of its levels.

You collected 70 gold pieces.

Inventory:

Hand Weapons
 a - a +0 war axe (weapon)
Armour
 b - a +0 scale mail (worn)
 c - a +0 kite shield (worn)
 h - a +0 pair of gloves (worn)
Scrolls
 g - a scroll of enchant armour {unknown}
 i - a scroll of identify {unknown}
Potions
 d - a potion of might


   Skills:
 + Level 3.1 Fighting
 * Level 3.9 Axes
 - Level 2.4 Armour
 - Level 2.4 Shields


You had 2 spell levels left.
You didn't know any spells.
Your spell library contained the following spells:

 Spells                   Type           Power      Damage    Failure   Level
 Animate Skeleton         Necr           0%         N/A       99%         1
 Pain                     Necr           0%         1d4       99%         1
 Vampiric Draining        Necr           0%         2d6       100%        3
 Animate Dead             Necr           0%         N/A       100%        4
 Agony                    Necr           0%         N/A       100%        5


Dungeon Overview and Level Annotations

Branches:
Dungeon (2/15)

Altars:

Annotations:
D:2 Robin


Innate Abilities, Weirdness & Mutations

You are completely covered in rugged brown scales. (AC +3, +7% HP)
You have supernaturally acute eyesight. (SInv)
Armour fits poorly on your strangely shaped body.
You can roll at nearby foes to attack.
You have a long armoured tail.


Message History

You slash the goblin!
You kill the goblin!
You block the goblin's attack.
Robin roars a battlecry!
The goblins go into a battle-frenzy!
The hobgoblin hits you but does no damage.
You block the goblin's attack.
You completely miss the hobgoblin.
The hobgoblin is moderately wounded.
You barely miss the goblin. The hobgoblin closely misses you.
You block the goblin's attack. The hobgoblin barely misses you.
You closely miss the hobgoblin. You barely miss the goblin.
The goblin hits you but does no damage. You block the hobgoblin's attack.
The goblin hits you with a +0 dagger.
* * * LOW HITPOINT WARNING * * *
You barely miss the hobgoblin. You tail-slap the hobgoblin.
You kill the hobgoblin!
Your scale mail prevents you from hitting the goblin.
You block the goblin's attack.
You barely miss Robin. You closely miss the goblin.
You block the goblin's attack. Robin barely misses you.
The goblin hits you with a +0 dagger.
* * * LOW HITPOINT WARNING * * *
You block Robin's attack.
It was a potion of brilliance.
You feel clever all of a sudden. The goblin hits you but does no damage.
You block Robin's attack.
It was a potion of haste.
You feel yourself speed up. The goblin hits you but does no damage.
You block Robin's attack.
You slash Robin! You tail-slap Robin.
Robin is severely wounded.
You closely miss the goblin. The goblin hits you but does no damage.
Robin hits you with a +0 whip.
* * * LOW HITPOINT WARNING * * *
You hit Robin but do no damage.
Robin is severely wounded.
You slash the goblin!
You kill the goblin!
Robin hits you with a +0 whip.
You die...

## .. ##
.## ##.. ..
#.... .#
##....###)#
.....ggg@)#
###.#.#####
#


You could see Robin and 2 hobgoblins.

Vanquished Creatures
  3 dart slugs (D:1)
  2 endoplasms (D:1)
  10 goblins
  8 hobgoblins
  6 jackals (D:1)
  A kobold (D:1)
  A quokka (D:1)
  3 ball pythons (D:1)
  3 bats (D:1)
  A frilled lizard (D:1)
  2 rats (D:1)
40 creatures vanquished.

Notes
Turn   | Place    | Note
-------+----------+-------------------------------------------
     0 | D:1      | leviel the Palentonga Fighter began the quest for the Orb.
     0 | D:1      | Reached XP level 1. HP: 19/19 MP: 1/1
    78 | D:1      | Found a faded altar of an unknown god.
    89 | D:1      | Reached XP level 2. HP: 15/25 MP: 2/2
   518 | D:1      | Reached XP level 3. HP: 29/31 MP: 3/3
  1086 | D:2      | Noticed Robin
  1111 | D:2      | HP: 1/31 [Robin/+0 whip (2)]
  1112 | D:2      | Slain by Robin

Illustrated notes

Levels and vault maps discovered:
D:1:      ncdulo_watergridlock, layout_basic, chequers_ecumenical_altar_island
D:2:      layout_loops_corners, serial_shops, shop, basic_altar, uniq_robin

Skill      XL: |  1  2 |
---------------+-------+-----
Axes           | 3 |  3.9
Fighting       | |  3.1
Armour         | |  2.4
Shields        | |  2.4

Action                   || total
-------------------------++-------
Melee: War axe           ||    82
       Tailslap          ||     9
  Use: Potion            ||     2
Armor: Scale mail        ||    47
Dodge: Dodged            ||    32
Block: Kite shield       ||    62

Table legend: (Time is in decaauts)
 A = Elapsed time spent in this place.
 B = Non-inter-level travel time spent in this place.
 C = Inter-level travel time spent in this place.
 D = Time resting spent in this place.
 E = Time spent auto-exploring this place.
 F = Levels seen in this place.
 G = Mean time per level.
                   A        B        C        D        E       F      G
               +--------+--------+--------+--------+--------+-----+--------+
         Total |   1161 |   1133 |     28 |    202 |    732 |   2 |  580.5 |
       Dungeon |   1161 |   1133 |     28 |    202 |    732 |   2 |  580.5 |
               +--------+--------+--------+--------+--------+-----+--------+

Top non-repeatable levels by time:
     D:1: 1123 daAuts
     D:2: 37 daAuts
